MLB
SAN DIEGO PADRES @ LOS ANGELES DODGERS
09/22/2047
 
TOP OF THE 1ST
San Diego Padres batting - Pitching for Los Angeles Dodgers : RHP John Bialon
Pitching: RHP John Bialon
Batting: RHB Dietmar Warmisch 0-0: Ball
1-0: Foul Ball, location: 2F
1-1: Ball
2-1: Called Strike
2-2: Strikes out looking
Batting: SHB Phil Zacharia 0-0: DOUBLE (Line Drive, 78M, EV 112.5 MPH)
Batting: SHB Jerry Luckwell 0-0: Called Strike
0-1: Ball
1-1: Ball
2-1: Ball
3-1: Ground out 1-6-3 (Groundball, 15S, EV 106.2 MPH)
Phil Zacharia to third
Batting: RHB Jorge Severiano 0-0: Ball
1-0: Called Strike
1-1: Fly out, F3 (Popup, 23F, EV 85.6 MPH)
Top of the 1st over - 0 runs, 1 hit, 0 errors, 1 left on base; San Diego 0 - Los Angeles 0
BOTTOM OF THE 1ST
Los Angeles Dodgers batting - Pitching for San Diego Padres : LHP Matt Wheeler
Pitching: LHP Matt Wheeler
Batting: RHB Tim Nettles 0-0: Swinging Strike
0-1: Ball
1-1: Ball
2-1: Swinging Strike
2-2: Ball
3-2: Strikes out swinging, 2-3 out at first.
Batting: RHB Rocky Campbell 0-0: Foul Ball, location: 2F
0-1: Ball
1-1: Ball
2-1: SINGLE (Groundball, 34, EV 100.0 MPH)
Batting: LHB Lirak Bazhunaishvili 0-0: Ball
Rocky Campbell steals 2nd, throwing error, E2
Rocky Campbell to third
1-0: Foul Ball, location: 2F
1-1: DOUBLE (Line Drive, 9LM, EV 104.4 MPH)
Rocky Campbell scores
Batting: RHB Clay Buchanan 0-0: Called Strike
0-1: Ball
1-1: Ball
2-1: Fly out, F8 (Flyball, 8LD, EV 106.9 MPH)
Batting: RHB Danny Dyer 0-0: Called Strike
0-1: Ball
1-1: Foul Ball, location: 2F
1-2: Foul Ball, location: 2F
1-2: Foul Ball, location: 2F
1-2: Ball
2-2: Ground out 6-3 (Groundball, 5D, EV 85.6 MPH)
Bottom of the 1st over - 1 run, 2 hits, 1 error, 1 left on base; San Diego 0 - Los Angeles 1
TOP OF THE 2ND
San Diego Padres batting - Pitching for Los Angeles Dodgers : RHP John Bialon
Batting: LHB Aaron LeBlanc 0-0: Ball
1-0: Foul Ball, location: 2F
1-1: Ball
2-1: Ball
3-1: Swinging Strike
3-2: Base on Balls
Batting: LHB Ryan Flynn Jr. 0-0: Fly out, F9 (Flyball, 89S, EV 90.0 MPH)
Batting: RHB Chiel Palstermans 0-0: 2-RUN HOME RUN (Flyball, 8RXD, EV 105.0 MPH), Distance : 414 ft
Batting: SHB Quido van Erp 0-0: Called Strike
0-1: Swinging Strike
0-2: Ball
1-2: Strikes out swinging
Batting: RHB Rodolfo Rivera 0-0: Fly out, F8 (Flyball, 89D, EV 99.4 MPH)
Top of the 2nd over - 2 runs, 1 hit, 0 errors, 0 left on base; San Diego 2 - Los Angeles 1
BOTTOM OF THE 2ND
Los Angeles Dodgers batting - Pitching for San Diego Padres : LHP Matt Wheeler
Batting: LHB R.J. O'Brien 0-0: Ball
1-0: Ball
2-0: Foul Ball, location: 2F
2-1: Ball
3-1: Called Strike
3-2: Strikes out looking
Batting: RHB Ben Mischnick 0-0: Fly out, F8 (Flyball, 8LM, EV 80.6 MPH)
Batting: RHB Wing-kit Bu 0-0: Called Strike
0-1: Ground out 5-3 (Groundball, 56, EV 109.4 MPH)
Bottom of the 2nd over - 0 runs, 0 hits, 0 errors, 0 left on base; San Diego 2 - Los Angeles 1
TOP OF THE 3RD
San Diego Padres batting - Pitching for Los Angeles Dodgers : RHP John Bialon
Batting: RHB Dietmar Warmisch 0-0: Called Strike
0-1: Ball
1-1: Fly out, F8 (Flyball, 8LD, EV 97.5 MPH)
Batting: SHB Phil Zacharia 0-0: Called Strike
0-1: Foul Ball, location: 2F
0-2: Foul Ball, location: 2F
0-2: SINGLE (Line Drive, 78M, EV 100.0 MPH)
Pinch Hitting: RHB Sébastien Piat 0-0: Swinging Strike
0-1: SINGLE (Groundball, 56, EV 81.9 MPH) (infield hit)
Phil Zacharia to second
Batting: RHB Jorge Severiano 0-0: Ball
1-0: Ball
2-0: Foul Ball, location: 2F
2-1: Called Strike
2-2: Ball
3-2: Base on Balls
Phil Zacharia to third
Sébastien Piat to second
Batting: LHB Aaron LeBlanc 0-0: Fly out, F7 (Line Drive, 78M, EV 95.0 MPH)
Runner from 3rd tags up, SCORES, throw by LF
Batting: LHB Ryan Flynn Jr. 0-0: Foul Ball, location: 2F
0-1: SINGLE (Line Drive, 9S, EV 111.2 MPH)
Sébastien Piat to third
Jorge Severiano to second
Runner from 3rd tries for Home, throw by RF and OUT! 9-2
Top of the 3rd over - 1 run, 3 hits, 0 errors, 2 left on base; San Diego 3 - Los Angeles 1
BOTTOM OF THE 3RD
Los Angeles Dodgers batting - Pitching for San Diego Padres : LHP Matt Wheeler
Now at 3B: Sébastien Piat
Batting: RHB Edwin Soto 0-0: Called Strike
0-1: SINGLE (Groundball, 56D, EV 100.0 MPH)
Batting: RHB Tim Nettles 0-0: Called Strike
0-1: Ball
Wild Pitch!
Edwin Soto to second
1-1: Fly out, F8 (Flyball, 8LD, EV 104.4 MPH)
Batting: RHB Rocky Campbell 0-0: Foul Ball, location: 2F
0-1: Ball
1-1: Swinging Strike
1-2: Foul Ball, location: 2F
1-2: Ball
2-2: Strikes out swinging
Batting: LHB Lirak Bazhunaishvili 0-0: Called Strike
0-1: Ball
1-1: Foul Ball, location: 2F
1-2: Strikes out swinging
Bottom of the 3rd over - 0 runs, 1 hit, 0 errors, 1 left on base; San Diego 3 - Los Angeles 1
TOP OF THE 4TH
San Diego Padres batting - Pitching for Los Angeles Dodgers : RHP John Bialon
Batting: RHB Chiel Palstermans 0-0: Swinging Strike
0-1: Foul Ball, location: 2F
0-2: Ground out 4-3 (Groundball, 4, EV 90.0 MPH)
Batting: SHB Quido van Erp 0-0: Ball
1-0: Ball
2-0: Called Strike
2-1: Called Strike
2-2: Ball
3-2: Foul Ball, location: 2F
3-2: Foul Ball, location: 2F
3-2: Base on Balls
Batting: RHB Rodolfo Rivera 0-0: Ball
1-0: Ball
2-0: Ball
3-0: Called Strike
3-1: Called Strike
3-2: Foul Ball, location: 2F
3-2: Base on Balls
Quido van Erp to second
Batting: RHB Dietmar Warmisch 0-0: Called Strike
0-1: Ball
1-1: Swinging Strike
1-2: Strikes out swinging
Batting: SHB Phil Zacharia 0-0: Ball
1-0: Called Strike
1-1: Ball
2-1: Ball
3-1: Base on Balls
Quido van Erp to third
Rodolfo Rivera to second
Batting: RHB Sébastien Piat 0-0: Called Strike
0-1: Ball
1-1: Swinging Strike
1-2: Ball
2-2: Ball
3-2: Foul Ball, location: 2F
3-2: Strikes out looking
Top of the 4th over - 0 runs, 0 hits, 0 errors, 3 left on base; San Diego 3 - Los Angeles 1
BOTTOM OF THE 4TH
Los Angeles Dodgers batting - Pitching for San Diego Padres : LHP Matt Wheeler
Batting: RHB Clay Buchanan 0-0: Called Strike
0-1: Called Strike
0-2: Ball
1-2: Foul Ball, location: 2F
1-2: Strikes out looking
Batting: RHB Danny Dyer 0-0: Fly out, F9 (Flyball, 9, EV 84.4 MPH)
Batting: LHB R.J. O'Brien 0-0: Ball
1-0: Swinging Strike
1-1: Swinging Strike
1-2: Foul Ball, location: 2F
1-2: Foul Ball, location: 2F
1-2: Foul Ball, location: 2F
1-2: SINGLE (Line Drive, 7S, EV 104.4 MPH)
Batting: RHB Ben Mischnick 0-0: Ball
1-0: Swinging Strike
1-1: SINGLE (Groundball, 34, EV 110.6 MPH) (infield hit)
R.J. O'Brien to second
Batting: RHB Wing-kit Bu 0-0: Swinging Strike
0-1: Called Strike
0-2: Ball
1-2: Ball
2-2: Strikes out swinging, 2-3 out at first.
Bottom of the 4th over - 0 runs, 2 hits, 0 errors, 2 left on base; San Diego 3 - Los Angeles 1
TOP OF THE 5TH
San Diego Padres batting - Pitching for Los Angeles Dodgers : RHP John Bialon
Batting: RHB Jorge Severiano 0-0: Ball
1-0: Called Strike
1-1: Foul Ball, location: 2F
1-2: Ball
2-2: Fly out, F9 (Line Drive, 89M, EV 88.8 MPH)
Batting: LHB Aaron LeBlanc 0-0: Foul Ball, location: 2F
0-1: Called Strike
0-2: Ball
1-2: Ball
2-2: Foul Ball, location: 2F
2-2: DOUBLE (Line Drive, 7LS, EV 96.2 MPH)
Batting: LHB Ryan Flynn Jr. 0-0: Ball
1-0: Swinging Strike
1-1: Swinging Strike
1-2: Ball
2-2: Ball
3-2: Fly out, F9 (Line Drive, 89M, EV 90.0 MPH)
Batting: RHB Chiel Palstermans 0-0: Foul Ball, location: 2F
0-1: Foul Ball, location: 2F
0-2: Strikes out swinging
Top of the 5th over - 0 runs, 1 hit, 0 errors, 1 left on base; San Diego 3 - Los Angeles 1
BOTTOM OF THE 5TH
Los Angeles Dodgers batting - Pitching for San Diego Padres : LHP Matt Wheeler
Batting: RHB Edwin Soto 0-0: Foul Ball, location: 2F
0-1: Ball
1-1: Ground out U3 (Groundball, 3S, EV 86.2 MPH)
Batting: RHB Tim Nettles 0-0: Fly out, F7 (Flyball, 7LS, EV 86.2 MPH)
Batting: RHB Rocky Campbell 0-0: Foul Ball, location: 2F
0-1: Swinging Strike
0-2: Strikes out swinging
Bottom of the 5th over - 0 runs, 0 hits, 0 errors, 0 left on base; San Diego 3 - Los Angeles 1
TOP OF THE 6TH
San Diego Padres batting - Pitching for Los Angeles Dodgers : RHP John Bialon
Pitching: RHP Nick Harmon
Batting: SHB Quido van Erp 0-0: Ball
1-0: Foul Ball, location: 2F
1-1: Ground out 3-1 (Groundball, 13, EV 88.1 MPH)
Batting: RHB Rodolfo Rivera 0-0: Hit by Pitch
Batting: RHB Dietmar Warmisch 0-0: Foul Ball, location: 2F
0-1: Foul Ball, location: 2F
0-2: Strikes out swinging
Batting: SHB Phil Zacharia 0-0: Foul Ball, location: 2F
0-1: Ball
1-1: Foul Ball, location: 2F
1-2: Foul Ball, location: 2F
1-2: Fly out, F8 (Line Drive, 8LM, EV 100.0 MPH)
Top of the 6th over - 0 runs, 0 hits, 0 errors, 1 left on base; San Diego 3 - Los Angeles 1
BOTTOM OF THE 6TH
Los Angeles Dodgers batting - Pitching for San Diego Padres : LHP Matt Wheeler
Batting: LHB Lirak Bazhunaishvili 0-0: Ball
1-0: Ball
2-0: Called Strike
2-1: Ball
3-1: Foul Ball, location: 2F
3-2: Ground out U3 (Groundball, 3, EV 85.6 MPH)
Batting: RHB Clay Buchanan 0-0: Ball
1-0: Called Strike
1-1: Ball
2-1: Ball
3-1: Fly out, F7 (Flyball, 7, EV 81.2 MPH)
Batting: RHB Danny Dyer 0-0: Called Strike
0-1: Ball
1-1: Foul Ball, location: 2F
1-2: Ball
2-2: Strikes out swinging
Bottom of the 6th over - 0 runs, 0 hits, 0 errors, 0 left on base; San Diego 3 - Los Angeles 1
TOP OF THE 7TH
San Diego Padres batting - Pitching for Los Angeles Dodgers : RHP Nick Harmon
Batting: RHB Sébastien Piat 0-0: Ball
1-0: Ball
2-0: Fly out, F3 (Popup, 34S, EV 71.2 MPH)
Batting: RHB Jorge Severiano 0-0: Swinging Strike
0-1: Foul Ball, location: 2F
0-2: Ball
1-2: Ball
2-2: Ball
3-2: Foul Ball, location: 2F
3-2: Foul Ball, location: 2F
3-2: Fly out, F9 (Flyball, 9D, EV 90.6 MPH)
Batting: LHB Aaron LeBlanc 0-0: Called Strike
0-1: Fly out, F2 (Popup, 25F, EV 86.2 MPH)
Top of the 7th over - 0 runs, 0 hits, 0 errors, 0 left on base; San Diego 3 - Los Angeles 1
BOTTOM OF THE 7TH
Los Angeles Dodgers batting - Pitching for San Diego Padres : LHP Matt Wheeler
Batting: LHB R.J. O'Brien 0-0: Called Strike
0-1: Called Strike
0-2: Ball
1-2: Ball
2-2: Foul Ball, location: 2F
2-2: Strikes out swinging
Batting: RHB Ben Mischnick 0-0: Ball
1-0: Called Strike
1-1: Foul Ball, location: 2F
1-2: Ball
2-2: Ball
3-2: Base on Balls
Pitching: LHP Nick Martin
Batting: RHB Wing-kit Bu 0-0: DOUBLE (Line Drive, 3D, EV 96.9 MPH)
Ben Mischnick to third
Runner from 3rd tries for Home, throw by RF and OUT! 9-4-2
Batting: RHB Edwin Soto 0-0: Ball
1-0: Ball
2-0: Foul Ball, location: 2F
2-1: Ground out 6-3 (Groundball, 56, EV 98.1 MPH)
Bottom of the 7th over - 0 runs, 1 hit, 0 errors, 1 left on base; San Diego 3 - Los Angeles 1
TOP OF THE 8TH
San Diego Padres batting - Pitching for Los Angeles Dodgers : RHP Nick Harmon
Batting: LHB Ryan Flynn Jr. 0-0: Called Strike
0-1: Ball
1-1: Ball
2-1: Ball
3-1: Ground out 5-3 (Groundball, 6MS, EV 68.8 MPH)
Batting: RHB Chiel Palstermans 0-0: SOLO HOME RUN (Flyball, 7D, EV 98.1 MPH), Distance : 363 ft
Batting: SHB Quido van Erp 0-0: Foul Ball, location: 2F
0-1: Ball
1-1: Ball
2-1: Called Strike
2-2: Ball
3-2: Base on Balls
Batting: RHB Rodolfo Rivera 0-0: Ball
1-0: SINGLE (Groundball, 6MD, EV 108.8 MPH)
Quido van Erp to second
Runner from 2nd tries for 3rd, SAFE, throw by CF made to third
Batting: RHB Dietmar Warmisch 0-0: Ball
1-0: Ball
2-0: Ball
3-0: Called Strike
3-1: Base on Balls
Rodolfo Rivera to second
Batting: SHB Phil Zacharia 0-0: Ball
1-0: Foul Ball, location: 2F
1-1: Called Strike
1-2: Foul Ball, location: 2F
1-2: Ball
2-2: Strikes out looking
Batting: RHB Sébastien Piat 0-0: Swinging Strike
0-1: Ground out U3 (Groundball, 3S, EV 83.1 MPH)
Top of the 8th over - 1 run, 2 hits, 0 errors, 3 left on base; San Diego 4 - Los Angeles 1
BOTTOM OF THE 8TH
Los Angeles Dodgers batting - Pitching for San Diego Padres : LHP Nick Martin
Batting: RHB Tim Nettles 0-0: Called Strike
0-1: Ball
1-1: Called Strike
1-2: Foul Ball, location: 2F
1-2: Foul Ball, location: 2F
1-2: Foul Ball, location: 2F
1-2: Strikes out looking
Batting: RHB Rocky Campbell 0-0: Ground out 4-3 (Groundball, 4, EV 109.4 MPH)
Batting: LHB Lirak Bazhunaishvili 0-0: Ball
1-0: Called Strike
1-1: Ball
2-1: SINGLE (Line Drive, 7LS, EV 107.5 MPH)
Batting: RHB Clay Buchanan 0-0: Ball
1-0: Called Strike
1-1: Ball
2-1: Ball
3-1: Fielders Choice at 2nd, 6-4 (Groundball, 6, EV 107.5 MPH)
Bottom of the 8th over - 0 runs, 1 hit, 0 errors, 1 left on base; San Diego 4 - Los Angeles 1
TOP OF THE 9TH
San Diego Padres batting - Pitching for Los Angeles Dodgers : RHP Nick Harmon
Pitching: RHP Jon Schau
Batting: RHB Jorge Severiano 0-0: Foul Ball, location: 2F
0-1: Hit by Pitch
Batting: LHB Aaron LeBlanc 0-0: Grounds into double play, 5-4-3 (Groundball, 56, EV 87.5 MPH)
Batting: LHB Ryan Flynn Jr. 0-0: Fly out, F8 (Flyball, 8LXD, EV 97.5 MPH)
Top of the 9th over - 0 runs, 0 hits, 0 errors, 0 left on base; San Diego 4 - Los Angeles 1
BOTTOM OF THE 9TH
Los Angeles Dodgers batting - Pitching for San Diego Padres : LHP Nick Martin
Pitching: RHP Angelo Radford
Batting: RHB Danny Dyer 0-0: Called Strike
0-1: Called Strike
0-2: Foul Ball, location: 2F
0-2: Foul Ball, location: 2F
0-2: Ball
1-2: Ball
2-2: Ball
3-2: Strikes out looking
Batting: LHB R.J. O'Brien 0-0: Foul Ball, location: 2F
0-1: Ball
1-1: Fly out, F7 (Flyball, 7, EV 80.6 MPH)
Batting: RHB Ben Mischnick 0-0: Ball
1-0: Called Strike
1-1: Ball
2-1: SOLO HOME RUN (Flyball, 7LD, EV 90.6 MPH), Distance : 341 ft
Batting: RHB Wing-kit Bu 0-0: Ground out U3 (Groundball, 3, EV 106.9 MPH)
Bottom of the 9th over - 1 run, 1 hit, 0 errors, 0 left on base; San Diego 4 - Los Angeles 2
Thursday, December 15th , 2022 - OOTP Baseball 23.9 Build 102